Map: Bridgehead LE (Void)

Players

Lameass

  • Race: Zerg Zerg
  • League: Grandmaster

wabbajack - Winner!

  • Race: Zerg Zerg
  • League: Gold

VOD

Have the link to the VOD?

Description

Time

  • Played on: July 17, 2015, 7:21 p.m.
  • Length: 5:51
Show
View Real Time Build Order
Export as new Build Order

Lameass Zerg 

Build Orders: Hatch First 

Get SALT Encoding   

  12  0:03  Drone  
  13  0:11  Drone  
  14  0:17  Overlord  
  14  0:27  Extractor  
  14  0:28  Drone  
  15  0:36  Drone x2  
  17  0:47  Drone  
  18  1:01  Hatchery  
  17  1:09  Spawning Pool  
  17  1:18  Drone x2  
  17  1:20  Drone, Extractor  
  18  1:30  Drone  
  19  1:40  Evolution Chamber  
  19  1:46  Drone  
  19  1:55  Queen  
  19  1:58  Overlord  
  21  2:07  Drone  
  22  2:11  Spine Crawler  
  21  2:24  Drone x3  
  21  2:25  Roach Warren  
  21  2:27  Drone  
  24  2:38  Queen  
  26  2:46  Extractor  
  25  2:53  Lair  
  25  2:55  Drone  
  25  2:56  Drone  
  27  3:11  Drone x2  
  27  3:12  Drone  
  30  3:14  Drone x2  
  30  3:15  Drone  
  30  3:19  Zergling x2  
  34  3:20  Zergling x2  
  34  3:23  Zergling x2  
  36  3:30  Overlord  
  36  3:33  Overlord  
  36  3:42  Zerg Ground Armor Level 1  
  36  3:59  Glial Reconstitution  
  36  4:02  Drone x4, Extractor  
  39  4:03  Drone x2  
  39  4:04  Extractor  
  40  4:17  Roach x4  
  40  4:20  Roach  
  50  4:31  Drone x2  
  52  4:32  Overlord x2  
  52  4:58  Roach x5  
  52  4:59  Roach x3  
  65  5:13  Roach  
  65  5:14  Roach x2  
  60  5:24  Roach  
  60  5:25  Roach x3  
Show
View Real Time Build Order
Export as new Build Order

wabbajack Zerg - Winner!

Build Orders: Hatch First, Ravager All-In 

Get SALT Encoding   

  12  0:01  Drone  
  13  0:09  Drone  
  14  0:18  Overlord  
  14  0:25  Drone, Extractor  
  14  0:30  Drone, Extractor  
  16  0:38  Drone  
  17  0:55  Hatchery  
  16  1:02  Drone x2  
  18  1:13  Drone  
  19  1:19  Spawning Pool  
  19  1:20  Extractor  
  17  1:30  Drone x2  
  19  1:38  Drone  
  20  1:52  Overlord  
  20  2:10  Queen  
  20  2:11  Queen  
  24  2:17  Drone x3  
  24  2:22  Roach Warren, Drone x2  
  28  2:26  Metabolic Boost  
  28  2:29  Extractor  
  27  2:31  Drone  
  27  2:32  Drone  
  29  2:40  Drone  
  29  2:42  Drone  
  31  2:46  Queen  
  31  2:51  Overlord  
  33  2:57  Overlord  
  33  3:09  Drone  
  33  3:12  Roach  
  36  3:20  Roach x2  
  36  3:21  Roach x3  
  46  3:32  Roach  
  46  3:33  Roach x2  
  52  3:36  Overlord  
  52  4:00  Overlord x2  
  53  4:02  Zergling x2  
  53  4:03  Zergling x12  
  53  4:07  Overlord  
  59  4:23  Hatchery  
  58  4:37  Ravager x4  
  58  4:38  Ravager  
  63  4:47  Zergling x16  
  51  5:39  Ravager  
Tags
 
Add a new tag
Caveats
  • Supply blocks, unpowered buildings, or Contaminate may cause inaccurate times.
  • Supply counts are checked every 10 seconds.